 Dungeon Crawl Stone Soup version 0.30-a0-1066-g63dfefce0d (webtiles) character file.

Game seed: 2989434909422345311

69 Maxmaps the Insei (level 4, -6/35 HPs)
             Began as a Demonspawn Monk on Apr 13, 2023.
             Mangled by Crazy Yiuf
             ... wielding a +3 quarterstaff of chaos
              (20 damage)
             ... on level 2 of the Dungeon.
             The game lasted 00:01:29 (1843 turns).

Maxmaps the Insei (Demonspawn Monk)                 Turns: 1843, Time: 00:01:29

Health: -6/35      AC:  5    Str: 11    XL:     4   Next: 2%
Magic:  4/4        EV: 13    Int: 13    God:
Gold:   62         SH:  0    Dex: 16    Spells: 3/3 levels left

rFire   . . .      SeeInvis .      - Unarmed
rCold   . . .      Faith    .    c - orb {light}
rNeg    . . .      Spirit   .    a - +0 robe
rPois   .          Reflect  .    (no helmet)
rElec   .          Rampage  .    (no cloak)
rCorr   .                        (no gloves)
Will    .....                    (no boots)
Stlth   +                        (no amulet)
HPRegen 0.25/turn                (no ring)
MPRegen 0.09/turn                (no ring)

@: attractive, hasted, glowing, very quick
A: claws 1, molten scales 2
a: no special abilities


You were on level 2 of the Dungeon.
You visited 1 branch of the dungeon, and saw 2 of its levels.

You collected 62 gold pieces.

Inventory:

Armour
 a - a +0 robe (worn)
 c - an orb of light (worn)
Scrolls
 d - 2 scrolls of immolation {unknown}
 g - 4 scrolls of identify {unknown}
 h - a scroll of brand weapon {unknown}
 k - a scroll of magic mapping {unknown}
 m - a scroll of teleportation {unknown}
 n - a scroll of silence {unknown}
 o - a scroll of torment {unknown}
Potions
 b - 2 potions of ambrosia
 f - 2 potions of haste
 i - 2 potions of heal wounds {unknown}
 j - 2 potions of curing {unknown}
 l - a potion of flight {unknown}
 p - a potion of lignification {unknown}


   Skills:
 - Level 3.0 Fighting
 - Level 2.6 Dodging
 - Level 1.7 Stealth
 + Level 4.5 Unarmed Combat


You had 3 spell levels left.
You didn't know any spells.
Your spell library was empty.

Dungeon Overview and Level Annotations

Branches:
Dungeon (2/15)

Altars:

Annotations:
D:2 Crazy Yiuf


Innate Abilities, Weirdness & Mutations

You have sharp fingernails.
You are mostly covered in molten scales. (AC +3)


Message History

Key pressed, stopping explore.
No target in view!
You open the door.
There is an open door here.
There is an open door here.
Key pressed, stopping explore.
No target in view!
No target in view!
No target in view!
There is an open door here.
There is an open door here.
There is an open door here.
There is an open door here.
Key pressed, stopping explore.
No target in view!
You see here a +0 hammer.
You see here a +0 hammer of protection.
Crazy Yiuf shouts!
Could not explore, unopened runed door.
No reachable target in view!
Could not explore, unopened runed door.
No reachable target in view!
You see here a +0 hammer of protection.
You see here a +0 hammer of draining.
You see here a +0 hammer of protection.
It was a potion of attraction.
You feel attractive to monsters.
It was a potion of haste.
You feel yourself speed up.
You open the door. You scratch Crazy Yiuf.
Crazy Yiuf is lightly wounded.
You completely miss Crazy Yiuf.
Crazy Yiuf is lightly wounded.
Crazy Yiuf hits you with a +3 quarterstaff of chaos!
You scratch Crazy Yiuf but do no damage.
Crazy Yiuf is lightly wounded.
Crazy Yiuf hits you with a +3 quarterstaff of chaos!
You are electrocuted!!
Ouch! That really hurt!
You die...

#.# #.# #.# ###
#### #..#
♣♣♣♣♣###.# ###
♣♣♣.♣...##.#
#...#♣..♣.))....#
##########
#...g@♣♣♣♣......##
.........# #)..#♣♣
♣♣.)#...#
.######### ###
♣♣##...# .###
#...# <).# #...#
##.# ##### ###
#...# #.# ##...##
#.# ##..## ##.#
##.....##
#.###...# ...#
##.......##
#..##...#


You could see Crazy Yiuf.

Vanquished Creatures
  3 adders (D:2)
  2 worms (D:2)
  6 ball pythons
  3 endoplasms (D:1)
  A giant cockroach (D:2)
  4 hobgoblins
  2 kobolds
  2 quokkas (D:1)
  2 bats (D:1)
  A frilled lizard (D:2)
  4 goblins
  4 rats
34 creatures vanquished.

Notes
Turn   | Place    | Note
-------+----------+-------------------------------------------
     0 | D:1      | Maxmaps the Demonspawn Monk began the quest for the Orb.
     0 | D:1      | Reached XP level 1. HP: 18/18 MP: 1/1
   104 | D:1      | Reached skill level 3 in Unarmed Combat
   196 | D:1      | Gained mutation: You have sharp fingernails. [demonic
                  | ancestry]
   196 | D:1      | Reached XP level 2. HP: 24/24 MP: 2/2
   822 | D:2      | Gained mutation: You are partially covered in molten
                  | scales. (AC +2) [demonic ancestry]
   822 | D:2      | Reached XP level 3. HP: 29/29 MP: 3/3
   846 | D:2      | Found a runed translucent door.
   847 | D:2      | Noticed Crazy Yiuf
   865 | D:2      | Reached skill level 4 in Unarmed Combat
  1060 | D:2      | Identified the +6 dagger "Lemal" {drain, rElec rC+ Dex-3}
  1468 | D:2      | Gained mutation: You are mostly covered in molten scales.
                  | (AC +3) [demonic ancestry]
  1468 | D:2      | Reached XP level 4. HP: 26/35 MP: 4/4
  1843 | D:2      | Mangled by Crazy Yiuf

Illustrated notes

Levels and vault maps discovered:
D:1:      heliophobic_arrival_ceremonial_halls, layout_rooms,
          chequers_serial_rivers_large_b
D:2:      layout_loops_corners, uniq_crazy_yiuf_cottage

Skill      XL: |  1  2  3 |
---------------+----------+-----
Unarmed Combat | 3 4 |  4.5
Fighting       | |  3.0
Dodging        | |  2.6
Stealth        | |  1.7

Action                     |  1- 3 |  4- 6 || total
---------------------------+-------+-------++-------
  Melee: Unarmed           |    85 |     4 ||    89
    Use: Potion            |       |     2 ||     2
 Armour: Robe              |    15 |     1 ||    16
  Dodge: Dodged            |    40 |     2 ||    42

Table legend: (Time is in decaauts)
 A = Elapsed time spent in this place.
 B = Non-inter-level travel time spent in this place.
 C = Inter-level travel time spent in this place.
 D = Time resting spent in this place.
 E = Time spent auto-exploring this place.
 F = Levels seen in this place.
 G = Mean time per level.
                   A        B        C        D        E       F      G
               +--------+--------+--------+--------+--------+-----+--------+
         Total |   1886 |   1853 |     33 |      0 |   1632 |   2 |  943.0 |
       Dungeon |   1886 |   1853 |     33 |      0 |   1632 |   2 |  943.0 |
               +--------+--------+--------+--------+--------+-----+--------+

Top non-repeatable levels by time:
     D:2: 1115 daAuts
     D:1: 771 daAuts
